 Dungeon Crawl Stone Soup version 0.29-a0-664-gff9cad4a3d (webtiles) character file.

Game seed: 10210805479967421182

341894 buhh the Acrobat (level 21, -37/96 HPs)
             Began as a Spriggan Hunter on June 22, 2022.
             Was an Elder of Hepliaklqana.
             Blown up by Boris (106 damage)
             ... with an orb of destruction
             ... on level 3 of the Vaults.
             The game lasted 03:50:18 (68711 turns).

buhh the Acrobat (Spriggan Hunter)                 Turns: 68711, Time: 03:50:18

Health: -37/96     AC:  7    Str:  7    XL:     21   Next: 10%
Magic:  22/48      EV: 46    Int: 13    God:    Hepliaklqana [****..]
Gold:   2685       SH:  0    Dex: 27    Spells: 15/46 levels left

rFire   + + +      SeeInvis +   b - +7 shortbow (vorpal)
rCold   + . .      Faith    .   (shield currently unavailable)
rNeg    + + .      Spirit   .   c - +2 robe {rC+ rF+}
rPois   .          Reflect  .   a - +0 mask of the Dragon {Will+ Slay+3 SInv}
rElec   .          Harm     .   p - +2 cloak
rCorr   +          Rampage  .   (gloves unavailable)
Will    +++++                   (boots unavailable)
Stlth   +++++.....              m - amulet of Bodily Harmony {Acrobat rN++ Will+}
HPRegen 0.26/turn               M - ring of Jeraolo {Wiz rF++ rCorr}
MPRegen 0.31/turn               F - ring of magical power

@: hasted, studying Stealth, very quick
A: reduced essence, very small, no large weapons, unfitting armour, see
invisible, speed 3
}: 2/15 runes: serpentine, barnacled
a: Renounce Religion, Recall Ancestor, Ancestor Identity, Transference, Idealise


You were on level 3 of the Vaults.
You worshipped Hepliaklqana.
Hepliaklqana was greatly pleased with you.
You visited 8 branches of the dungeon, and saw 39 of its levels.
You also visited: Ice Cave.

You collected 5703 gold pieces.
You spent 3018 gold pieces at shops.

Inventory:

Hand Weapons
 b - a +7 vorpal shortbow (weapon)
Missiles
 i - 12 curare-tipped darts
 j - 4 boomerangs of dispersal
Armour
 a - the +0 mask of the Dragon (worn) {Will+ Slay+3 SInv}
   (You bought it in a shop on level 2 of the Vaults)

   Slay:      It affects your accuracy & damage with ranged weapons and melee
   (+3).
   SInv:      It lets you see invisible.
   Will:      It increases your willpower.
 c - a +2 robe of resistance (worn)
 p - a +2 cloak (worn)
 u - the +3 robe "Tiycumaf" {rN+ rCorr Str+3}
   (You found it on level 13 of the Dungeon)

   Str:       It affects your strength (+3).
   rN:        It protects you from negative energy.
   rCorr:     It protects you from acid and corrosion.
 E - +3 storm dragon scales {Bai Suzhen}
 W - a +0 robe of the Archmagi
Magical Staves
 q - a staff of conjuration
Jewellery
 g - a ring of flight
 l - the dreamshard necklace {*Dream Drain}
   (You took it off a deep elf zephyrmancer on level 3 of the Elven Halls)

   [amulet of nothing]

   It shatters if its wearer takes lethal or near-lethal damage, preventing the
   blow and releasing protective dreams that heal and fight for the wearer.
   Drain:     It drains your maximum health when unequipped.
 m - the amulet of Bodily Harmony (around neck) {Acrobat rN++ Will+}
   (You took it off a deep elf sorcerer on level 3 of the Elven Halls)

   [amulet of the acrobat]

   It increases your evasion while moving and waiting.
   rN:        It greatly protects you from negative energy.
   Will:      It increases your willpower.
 z - a +6 ring of intelligence
 A - a ring of protection from fire
 F - a ring of magical power (right hand)
 I - an amulet of reflection
 L - an amulet of guardian spirit
 M - the ring of Jeraolo (left hand) {Wiz rF++ rCorr}
   (You took it off a deep elf knight on level 3 of the Elven Halls)

   [ring of wizardry]

   It improves your spell success rate.
   rF:        It greatly protects you from fire.
   rCorr:     It protects you from acid and corrosion.
 S - an amulet of the acrobat
Wands
 v - a wand of digging (8)
 w - a wand of flame (50)
 x - a wand of polymorph (18)
 C - a wand of iceblast (30)
 D - a wand of acid (26)
 G - a wand of paralysis (31)
 Y - a wand of mindburst (2)
Scrolls
 n - 3 scrolls of silence {!r}
 o - 5 scrolls of vulnerability
 t - 7 scrolls of teleportation {!d}
 y - 11 scrolls of poison
 P - 2 scrolls of magic mapping {!r!d}
 Q - 3 scrolls of fog
 T - 2 scrolls of immolation {!d}
 X - 5 scrolls of amnesia
 Z - 3 scrolls of enchant armour
Potions
 d - 5 potions of attraction
 f - 3 potions of might
 h - 2 potions of berserk rage {!q}
 k - 5 potions of flight
 B - a potion of ambrosia {!q!d}
 H - a potion of invisibility {!q!d}
 J - 5 potions of magic {!q!d}
 K - 4 potions of brilliance {!q!d}
 N - 4 potions of curing {!q!d}
 O - 2 potions of haste {!q!d}
 U - 9 potions of mutation {!d}
 V - 2 potions of cancellation {!q!d}
Miscellaneous
 e - a box of beasts
 r - a phantom mirror
 s - a phial of floods


   Skills:
 - Level 10.0 Fighting
 - Level 20.4 Bows
 - Level 4.0 Armour
 - Level 23.0 Dodging
 - Level 10.0 Stealth
 - Level 13.0 Spellcasting
 - Level 20.0 Hexes
 * Level 8.8 Necromancy
 - Level 6.0 Fire Magic
 * Level 8.9 Earth Magic
 - Level 8.0 Invocations
 - Level 13.0 Evocations


You had 15 spell levels left.
You knew the following spells:

 Your Spells              Type           Power      Damage    Failure   Level
a - Inner Flame           Hex/Fire       42%        N/A       1%          3
b - Ensorcelled Hibernat  Hex/Ice        68%        N/A       1%          2
c - Slow                  Hex            100%       N/A       0%          1
d - Tukima's Dance        Hex            57%        N/A       0%          3
e - Dazzling Flash        Conj/Hex       68%        N/A       1%          3
f - Cause Fear            Hex            28%        N/A       0%          4
g - Yara's Violent Unrav  Hex/Tmut       17%        3d8       1%          5
h - Summon Mana Viper     Hex/Summ       34%        N/A       1%          5
i - Borgnjor's Vile Clut  Necr/Erth      15%        N/A       2%          5

Your spell library contained the following spells:

 Spells                   Type           Power      Damage    Failure   Level
 Confusing Touch          Hex            57%        N/A       0%          3
 Foxfire                  Conj/Fire      64%        2x1d7     1%          1
 Necrotize                Necr           100%       1d9       1%          1
 Sandblast                Erth           62%        2d14      1%          1
 Passwall                 Tmut/Erth      16%        N/A       1%          2
 Sublimation of Blood     Necr           31%        N/A       1%          2
 Portal Projectile        Hex/Tloc       68%        N/A       1%          3
 Stone Arrow              Conj/Erth      40%        3d9       1%          3
 Summon Guardian Golem    Hex/Summ       34%        N/A       1%          3
 Vampiric Draining        Necr           31%        2d8       1%          3
 Anguish                  Hex/Necr       23%        N/A       1%          4
 Animate Dead             Necr           31%        N/A       1%          4
 Dispel Undead            Necr           31%        3d14      1%          4
 Leda's Liquefaction      Hex/Erth       23%        N/A       1%          4
 Metabolic Englaciation   Hex/Ice        17%        N/A       1%          5
 Conjure Flame            Conj/Fire      16%        6-21      2%          3
 Agony                    Necr           31%        N/A       2%          5
 Apportation              Tloc           16%        N/A       3%          1
 Beastly Appendage        Tmut           16%        N/A       3%          1
 Freeze                   Ice            32%        1d5       3%          1
 Summon Small Mammal      Summ           32%        N/A       3%          1
 Poisonous Vapours        Pois/Air       16%        N/A       4%          2
 Static Discharge         Conj/Air       8%         N/A       4%          2
 Wereblood                Tmut           8%         N/A       4%          2
 Call Canine Familiar     Summ           8%         N/A       10%         3
 Frozen Ramparts          Ice            16%        1d3       10%         3
 Ozocubu's Armour         Ice            8%         N/A       10%         3
 Spider Form              Tmut/Pois      8%         N/A       10%         3
 Swiftness                Air            8%         N/A       10%         3
 Corpse Rot               Necr/Pois/Air  16%        N/A       10%         4
 Flame Wave               Conj/Fire      16%        2d6       10%         4
 Sticky Flame             Conj/Fire      16%        2d4       10%         4
 Fireball                 Conj/Fire      8%         3d6       26%         5
 Airstrike                Air            4%         N/A       32%         4
 Hailstorm                Conj/Ice       8%         3d4       32%         4
 Iskenderun's Mystic Bla  Conj/Tloc      8%         2d4       32%         4
 Passage of Golubria      Tloc           8%         N/A       32%         4
 Summon Ice Beast         Ice/Summ       8%         N/A       32%         4
 Summon Lightning Spire   Summ/Air       8%         N/A       32%         4
 Simulacrum               Ice/Necr       10%        N/A       58%         6
 Alistair's Intoxication  Tmut/Pois      5%         N/A       63%         5
 Freezing Cloud           Conj/Ice/Air   4%         6-21      63%         5
 Iskenderun's Battlesphe  Conj           8%         2d6       63%         5
 Lightning Bolt           Conj/Air       4%         1d15      63%         5
 Summon Forest            Summ/Tloc      4%         N/A       63%         5
 Starburst                Conj/Fire      8%         6d4       78%         6
 Haunt                    Necr/Summ      10%        N/A       98%         7
 Conjure Ball Lightning   Conj/Air       4%         3x3d6     99%         6
 Eringya's Noxious Bog    Tmut/Pois      4%         N/A       99%         6
 Summon Cactus Giant      Summ           4%         N/A       99%         6
 Borgnjor's Revivificati  Necr           15%        N/A       99%         8
 Infestation              Necr           15%        N/A       99%         8
 Dragon Form              Tmut           4%         N/A       100%        7
 Orb of Destruction       Conj           4%         9d5       100%        7
 Ozocubu's Refrigeration  Ice            4%         4d5       100%        7
 Summon Hydra             Summ           4%         N/A       100%        7
 Ignition                 Fire           12%        3d6       100%        8
 Necromutation            Tmut/Necr      10%        N/A       100%        8
 Death's Door             Necr           15%        N/A       100%        9
 Dragon's Call            Summ           4%         N/A       100%        9
 Polar Vortex             Ice            4%         N/A       100%        9


Dungeon Overview and Level Annotations

Branches:
Dungeon (15/15) Zot: 24891  Temple (0/1) D:4            Lair (6/6) D:10 Zot: 24064
 Shoals (4/4) Lair:4 Zot: 18059   Snake (4/4) Lair:2 Zot: 13209   Slime (0/5) Lair:5
    Orc (2/2) D:12 Zot: 9440     Elf (3/3) Orc:2 Zot: 9821  Vaults (3/5) D:14 Zot: 11619
  Crypt (0/3) Vaults:3     Depths (2/4) D:15 Zot: 11560   IceCv (visited)

Altars:
Ashenzari
Cheibriados
Elyvilon
Hepliaklqana
Kikubaaqudgha
Nemelex Xobeh
Qazlal
Ru
Trog
Vehumet
Xom
Zin
Jiyva

Shops:
Orc:2 !*=[   Elf:1 :   Snake:2 *[   Snake:3 (   Vaults:2 [?(*

Portals:
Hell: Depths:1
Pandemonium: Orc:2 Depths:1
Ziggurat: Depths:1
Trove: D:14 (give 20 potions of curing)

Annotations:
Shoals:1 Nikola; Roxanne
Snake:2 1 runed translucent door, exclusion: door, Vedy's ghost, adept OpIE
Snake:3 2 transporters, petzl's ghost, adept FoAM
Orc:2 exclusion: ogre, Nessos
Vaults:1 3 runed translucent doors, exclusion: 3 doors, dolemite99's ghost, adept MiFi
Vaults:2 exclusion: 2 centaur warriors
Vaults:3 Boris; Mara; Margery


Innate Abilities, Weirdness & Mutations

Your life essence is reduced to manifest your ancestor. (-10% HP)
You are very small and have problems with some larger weapons.
You are too small for most types of armour.
You have supernaturally acute eyesight. (SInv)
You cover ground extremely quickly. (Speed+++)


Message History

The arrow hits the hell knight but does no damage.
The hell knight is lightly wounded.
Kaladin hits the hell knight with a +0 broad axe of flaming.
Zombie hands grab the hell knight.
The zombie hands constrict the hell knight.
The hell knight struggles to escape constriction.
Kaladin hits the hell knight with a +0 broad axe of flaming!
The hell knight struggles to escape constriction.
You shoot an arrow. The arrow hits the hell knight!
The hell knight is severely wounded.
The zombie hands constrict the hell knight.
The hell knight struggles to escape constriction.
You shoot an arrow. The arrow hits the hell knight!
The hell knight is almost dead.
The zombie hands constrict the hell knight.
Kaladin hits the hell knight with a +0 broad axe of flaming!
The hell knight dies!
You start resting.
Boris is nearby!
Kaladin avoids your attack.
Zombie hands grab Boris.
The zombie hands constrict Boris.
Boris mumbles some strange words.
Boris's hands start to glow.
Boris launches a ball of destructive magic.
You hear a shout!
An orb of destruction comes into view.
You shoot an arrow. Kaladin avoids your attack.
The arrow hits Boris.
Boris is lightly damaged.
The zombie hands constrict Boris.
Boris struggles to escape constriction.
You shoot an arrow. The arrow hits Boris!
Boris is lightly damaged.
The zombie hands constrict Boris.
Boris escapes!
Kaladin casts a spell.
Kaladin seems to speed up.
Okay, then.
Really quaff
O - 3 potions of haste {!q!d}?
You feel yourself speed up. The orb of destruction hits you!!!!
Ouch! That really hurt!
You die...

#.........LR....# ##
###.......p.p.....#
.######......§..........#
...............§........#
..............########..#
.........)....#......#..#
...........p..#......#..#
.....@........#......#..#
.....p........#.@....#..#
...@..........#.☼....#..#
..............#.☼....#..#
######.....#○.....#.T#
#LR....#T.# '......#
.#......# .#......# .
########


You could see the friendly Kaladin the knight (fast) and Boris (invisible, ally
target).

Vanquished Creatures
  Mennas (Vaults:3)
  Xtahua (Vaults:3)
  Polyphemus (Shoals:3)
  5 nagarajas (Snake:4)
  A revenant (Vaults:3)
  2 frost giants
  Ilsuiw (Shoals:3)
  A deep elf elementalist (Elf:3)
  4 deep elf sorcerers (Elf:3)
  4 vault wardens
  6 very ugly things
  4 ironbound preservers
  9 deep elf annihilators (Elf:3)
  6 deep elf demonologists (Elf:3)
  2 dire elephants
  Azrael (Orc:2)
  A blizzard demon (IceCv)
  3 merfolk javelineers
  4 merfolk impalers
  4 deep elf death magi (Elf:3)
  Snorg (D:11)
  A deep elf high priest (Elf:3)
  A great orb of eyes (Vaults:2)
  2 boulder beetles (D:14)
  An ice dragon (Depths:1)
  4 yaktaur captains
  6 vault guards
  4 hydras
  3 satyrs
  2 alligator snapping turtles
  A catoblepas (Lair:6)
  5 ironbound frosthearts
  4 anacondas
  13 dancing weapons
  A centaur warrior (Shoals:1)
  7 merfolk aquamancers
  2 tengu warriors (D:14)
  3 two-headed ogres
  4 merfolk avatars
  9 naga warriors
  11 death yaks
  3 shock serpents (Snake:4)
  Urug (Orc:1)
  A hell knight (Vaults:3)
  7 naga sharpshooters
  5 orc high priests (Orc:2)
  Sonja (Lair:2)
  2 skeletal warriors (D:15)
  4 deep elf knights
  6 deep trolls
  A salamander mystic (Snake:4)
  2 large abominations (Elf:1)
  A flayed ghost (Depths:1)
  A phantasmal warrior (D:15)
  15 sea snakes
  A naga ritualist (Snake:3)
  8 spriggan simulacra (IceCv)
  A sphinx zombie (D:15)
  4 wizards
  3 orc knights
  A bog body (IceCv)
  2 ironbound convokers
  11 harpies
  A necromancer (D:15)
  8 mana vipers
  10 deep elf zephyrmancers
  A wolf spider (Lair:2)
  3 lindwurms
  19 deep elf pyromancers
  2 salamanders
  16 ugly things
  3 orc sorcerers
  10 manticores
  17 fauns
  15 merfolk sirens
  3 cyclopes
  12 elephants
  17 black mambas
  7 vault sentinels
  2 water nymphs (Shoals:3)
  2 guardian serpents
  9 naga magi
  A smoke demon (Orc:2)
  A guardian serpent (shapeshifter) (D:15)
  7 cane toads
  An orange demon (Orc:2)
  3 gargoyles
  2 rime drakes
  8 komodo dragons
  An unseen horror (D:12)
  3 yaktaurs
  6 freezing wraiths
  An anaconda simulacrum (IceCv)
  9 entropy weaver simulacra (IceCv)
  7 ice devils (IceCv)
  A troll (D:11)
  A polar bear (Lair:4)
  A hornet (shapeshifter) (D:15)
  20 merfolk
  4 wind drakes
  10 blink frogs
  A dream sheep (Lair:4)
  10 slime creatures
  3 hornets
  12 snapping turtles
  Sigmund (D:2)
  A vampire (D:11)
  A shadow (D:8)
  18 water elementals
  2 air elementals (Elf:1)
  3 wyverns
  2 dire elephant simulacra (IceCv)
  27 yaks
  2 wraiths
  A chaos spawn (Orc:2)
  7 humans (D:14)
  4 fire elementals
  7 basilisks
  2 redbacks (Elf:2)
  2 minotaur simulacra (IceCv)
  4 vampire mosquitoes
  A harpy simulacrum (IceCv)
  An acid dragon (D:8)
  33 nagas
  3 wargs
  3 hell hounds (Orc:2)
  10 water moccasins
  19 orc warriors
  3 black bears
  4 boggarts (D:15)
  An alligator simulacrum (IceCv)
  15 wolves
  2 ogres
  2 centaurs
  A phantom (D:6)
  A kobold brigand (D:7)
  An elf zombie (Elf:1)
  13 bullfrogs
  3 deep troll simulacra (IceCv)
  A necrophage (D:6)
  An earth elemental (Elf:1)
  A gnoll sergeant (D:6)
  10 wights
  A lindwurm simulacrum (IceCv)
  2 vampire bats (Lair:2)
  2 electric eels (Lair:6)
  5 iguanas
  18 orc priests
  A hound (D:5)
  6 orc wizards
  8 gnolls (D:6)
  3 adders
  A white imp (D:6)
  An ufetubus (D:7)
  2 worms (D:2)
  2 dart slugs
  56 orcs
  6 ball pythons
  3 endoplasms
  7 giant cockroaches
  7 goblins
  5 hobgoblins
  7 jackals (D:1)
  18 kobolds
  7 quokkas
  14 bats
  5 frilled lizards
  3 rats (D:1)
900 creatures vanquished.

Vanquished Creatures (collateral kills)
  Bai Suzhen (Snake:3)
  A deep elf master archer (Elf:3)
  2 deep elf blademasters (Elf:3)
  Agnes (Elf:2)
  12 nagarajas
  Louise (Snake:4)
  2 vault wardens
  A juggernaut zombie (D:15)
  Aizul (Snake:4)
  4 deep elf elementalists (Elf:3)
  6 very ugly things
  An ironbound thunderhulk (Vaults:1)
  A stone giant (Vaults:2)
  3 dire elephants (Vaults:1)
  A deep elf annihilator (Elf:3)
  A blizzard demon (IceCv)
  3 merfolk impalers
  6 deep elf death magi
  2 merfolk javelineers
  2 yaktaur captains
  A deep elf high priest (Elf:3)
  5 vault guards
  A salamander tyrant (Snake:4)
  2 boulder beetles
  A hydra (Lair:4)
  A caustic shrike simulacrum (IceCv)
  4 anacondas
  A demonspawn (Orc:2)
  An ironbound frostheart (Vaults:2)
  2 merfolk avatars
  4 catoblepae
  An alligator snapping turtle (Shoals:4)
  A death knight (Vaults:3)
  6 naga warriors
  2 centaur warriors
  A deep troll shaman (Lair:6)
  6 merfolk aquamancers
  A two-headed ogre (D:11)
  2 death yaks (Shoals:3)
  16 dancing weapons
  A shock serpent (Snake:2)
  A soul eater (Orc:2)
  Nergalle (Lair:2)
  3 orc high priests (Orc:2)
  2 hell knights (Vaults:3)
  13 naga sharpshooters
  A large abomination (Elf:1)
  7 deep elf knights
  4 deep trolls (Vaults:1)
  3 sea snakes
  7 naga ritualists
  2 ironbound convokers
  3 deep elf archers (Elf:3)
  A wizard (Vaults:2)
  7 deep elf pyromancers
  4 lindwurms
  3 orc knights (Orc:2)
  A shadow dragon zombie (D:15)
  6 harpies
  2 necromancers (Elf:1)
  An orc sorcerer (Orc:2)
  7 ugly things
  5 mana vipers (Snake:3)
  13 deep elf zephyrmancers
  A wolf spider (Lair:2)
  8 fauns
  7 salamanders
  A cyclops (D:15)
  4 manticores
  4 merfolk sirens
  3 elephants
  2 vault sentinels (Vaults:1)
  2 guardian serpents
  2 gargoyles
  A water nymph (Shoals:2)
  6 naga magi
  18 black mambas
  5 cane toads
  Psyche (D:9)
  2 yaktaurs (Vaults:2)
  An unseen horror (D:11)
  A tengu conjurer (D:14)
  An efreet (D:14)
  2 komodo dragons
  3 ice devils (IceCv)
  A freezing wraith (IceCv)
  2 golden dragon simulacra (IceCv)
  3 wind drakes
  2 trolls
  8 merfolk
  A merfolk (shapeshifter) (Elf:3)
  A polar bear (Lair:4)
  A hornet (shapeshifter) (D:13)
  A snapping turtle (Shoals:2)
  10 slime creatures
  An ettin zombie (D:15)
  4 blink frogs
  2 dream sheep (Lair:4)
  A dire elephant simulacrum (IceCv)
  An air elemental (Elf:1)
  3 wyverns
  6 water elementals
  3 wraiths
  3 humans (D:14)
  12 yaks
  A basilisk (Lair:1)
  5 redbacks (Elf:2)
  A fire elemental (Elf:3)
  A minotaur simulacrum (IceCv)
  3 vampire mosquitoes
  A warg (Orc:1)
  14 nagas
  A harpy simulacrum (IceCv)
  A hell hound (Orc:2)
  6 water moccasins
  A hydra simulacrum (IceCv)
  9 orc warriors
  An ice beast (D:6)
  3 black bears
  7 wolves
  A boggart (D:15)
  2 kobold brigands
  3 elf zombies (Elf:1)
  2 bullfrogs (D:7)
  A gnoll sergeant (D:6)
  2 earth elementals (Elf:1)
  2 necrophages
  3 deep troll simulacra (IceCv)
  2 scorpions (D:5)
  13 wights
  2 howler monkeys (D:8)
  A hound (D:6)
  4 orc priests
  5 orc wizards
  A gnoll (D:6)
  An ufetubus (D:5)
  19 orcs
  3 kobolds (D:9)
  A bat (Lair:2)
  A butterfly (Lair:1)
474 creatures vanquished.

Vanquished Creatures (others)
  A deep elf master archer (Elf:3)
  A yaktaur captain (Vaults:3)
  An anaconda (Snake:1)
  A vault guard (D:14)
  2 deep elf archers
  A water nymph (Shoals:2)
  46 knights
  2 ancestors
  34 fungi
  134 plants
  5 withered plants (D:15)
228 creatures vanquished.

Grand Total: 1602 creatures vanquished

Notes
Turn   | Place    | Note
-------+----------+-------------------------------------------
     0 | D:1      | buhh the Spriggan Hunter began the quest for the Orb.
     0 | D:1      | Reached XP level 1. HP: 10/10 MP: 2/2
    55 | D:1      | Reached skill level 3 in Dodging
    55 | D:1      | Reached XP level 2. HP: 15/15 MP: 3/3
   309 | D:1      | Reached XP level 3. HP: 18/18 MP: 4/4
  1031 | D:2      | Noticed Sigmund
  1045 | D:2      | Killed Sigmund
  1046 | D:2      | Reached skill level 4 in Dodging
  1046 | D:2      | Reached XP level 4. HP: 16/23 MP: 5/5
  1046 | D:2      | Reached XP level 5. HP: 18/27 MP: 6/6
  1593 | D:3      | Identified the +1 ring mail "Vemas" {Slay+2}
  2011 | D:3      | Found a glowing silver altar of Zin.
  2014 | D:3      | Found a hazy altar of Hepliaklqana.
  2055 | D:3      | Became a worshipper of Hepliaklqana the Forgotten
  2471 | D:4      | Reached XP level 6. HP: 32/32 MP: 7/7
  2477 | D:4      | Found an ancient bone altar of Kikubaaqudgha.
  2479 | D:4      | Found a snail-covered altar of Cheibriados.
  2578 | D:4      | Found a staircase to the Ecumenical Temple.
  2719 | D:4      | Found a shimmering altar of Xom.
  3011 | D:5      | Entered Level 5 of the Dungeon
  3031 | D:5      | Reached skill level 5 in Dodging
  3059 | D:5      | Reached * piety under Hepliaklqana
  3071 | D:5      | Found a broken altar of Ashenzari.
  3380 | D:5      | Reached XP level 7. HP: 18/32 MP: 6/8
  3725 | D:5      | Reached skill level 6 in Dodging
  3727 | D:5      | Found a stormy altar of Qazlal.
  4524 | D:6      | Reached ** piety under Hepliaklqana
  4525 | D:6      | Remembered your ancestor Kaladin as a knight
  4549 | D:6      | Reached XP level 8. HP: 37/37 MP: 9/9
  4551 | D:6      | Reached skill level 7 in Dodging
  5128 | D:6      | Reached skill level 8 in Dodging
  5585 | D:7      | Reached skill level 9 in Dodging
  5882 | D:7      | Reached XP level 9. HP: 30/42 MP: 5/10
  6098 | D:7      | Reached skill level 10 in Dodging
  6241 | D:7      | Reached *** piety under Hepliaklqana
  6440 | D:8      | Found a radiant altar of Vehumet.
  6675 | D:8      | Found a white marble altar of Elyvilon.
  6700 | D:8      | Reached skill level 11 in Bows
  6700 | D:8      | Reached skill level 11 in Dodging
  6851 | D:8      | Reached skill level 12 in Dodging
  6851 | D:8      | Reached XP level 10. HP: 43/45 MP: 11/11
  7653 | D:9      | Found a sparkling altar of Nemelex Xobeh.
  7886 | D:9      | Noticed Psyche
  7892 | D:9      | Killed Psyche
  8045 | D:9      | Noticed a two-headed ogre
  8098 | D:9      | Killed a two-headed ogre
  8486 | D:10     | Entered Level 10 of the Dungeon
  8492 | D:10     | Reached **** piety under Hepliaklqana
  8650 | D:10     | Reached skill level 13 in Dodging
  8767 | D:10     | Reached XP level 11. HP: 27/52 MP: 10/12
  9886 | D:10     | Found a staircase to the Lair.
 10151 | Lair:1   | Entered Level 1 of the Lair of Beasts
 10444 | Lair:1   | Reached skill level 14 in Dodging
 11349 | Lair:2   | Noticed a boulder beetle
 11372 | Lair:2   | Noticed a catoblepas
 11591 | Lair:2   | Noticed Nergalle
 11608 | Lair:2   | Killed Nergalle
 12212 | Lair:2   | Noticed Sonja
 12221 | Lair:2   | Noticed a wolf spider
 12223 | Lair:2   | Noticed a wolf spider
 12711 | Lair:1   | Killed a boulder beetle
 12712 | Lair:1   | Reached XP level 12. HP: 59/59 MP: 13/13
 13267 | Lair:2   | Killed Sonja
 13307 | Lair:2   | Reached skill level 15 in Dodging
 13456 | Lair:2   | Found a staircase to the Snake Pit.
 13805 | Lair:2   | Killed a catoblepas
 13866 | Lair:2   | Learned a level 3 spell: Inner Flame
 14102 | Lair:3   | Reached ***** piety under Hepliaklqana
 14920 | Lair:4   | Noticed a four-headed hydra
 14925 | Lair:4   | Killed a four-headed hydra
 14937 | Lair:4   | Reached skill level 15 in Bows
 15181 | Lair:4   | Noticed a catoblepas
 15679 | Lair:4   | Noticed a death yak
 15704 | Lair:4   | Killed a death yak
 15747 | Lair:4   | Reached XP level 13. HP: 63/63 MP: 14/14
 16700 | Lair:4   | Found a staircase to the Shoals.
 17807 | Lair:5   | Found a viscous altar of Jiyva.
 17807 | Lair:5   | Found a staircase to the Slime Pits.
 18138 | Lair:6   | Entered Level 6 of the Lair of Beasts
 18455 | Lair:6   | Reached ****** piety under Hepliaklqana
 18623 | D:11     | Reached skill level 11 in Hexes
 18876 | D:11     | Noticed Snorg
 18928 | D:11     | Killed Snorg
 19172 | D:11     | Found a sacrificial altar of Ru.
 19639 | D:12     | Found a staircase to the Orcish Mines.
 19680 | D:12     | Identified the +5 halberd of Causality {elec, Fragile rC+
                  | Will+ SInv}
 20567 | D:13     | Got Sif Muna's Incunabulum of Cold and Stones
 20572 | D:13     | Identified the +3 robe "Tiycumaf" {rN+ rCorr Str+3}
 20707 | D:13     | Reached XP level 14. HP: 67/67 MP: 15/15
 20900 | D:13     | Learned a level 2 spell: Ensorcelled Hibernation
 20967 | D:14     | Found a portal to a secret trove of treasure.
 21064 | D:14     | Reached skill level 16 in Dodging
 23358 | Lair:6   | Reached skill level 17 in Dodging
 23428 | Lair:6   | Reached skill level 15 in Hexes
 24315 | Lair:6   | Identified the +1 scale mail of the Everdark {rN+ Int-3
                  | SInv}
 24667 | D:14     | Found a gate to the Vaults.
 24853 | D:15     | Entered Level 15 of the Dungeon
 25498 | Snake:1  | Entered Level 1 of the Snake Pit
 25508 | Snake:1  | Reached XP level 15. HP: 62/71 MP: 11/16
 25865 | Snake:1  | Reached skill level 18 in Hexes
 27071 | Snake:1  | Learned a level 1 spell: Slow
 27524 | Snake:2  | Found a radiant altar of Vehumet.
 27917 | Snake:2  | Found a runed translucent door.
 27921 | Snake:2  | Noticed Vedy's ghost (adept OpIE)
 28458 | Snake:2  | Found Hiexker's General Store.
 28463 | Snake:2  | Found Cattagri's Antique Armour Emporium.
 28466 | Snake:2  | Bought a potion of curing for 54 gold pieces
 28466 | Snake:2  | Bought a scroll of summoning for 171 gold pieces
 28466 | Snake:2  | Bought a potion of heal wounds for 90 gold pieces
 28466 | Snake:2  | Bought a wand of paralysis (1) for 54 gold pieces
 28466 | Snake:2  | Bought a wand of paralysis (6) for 144 gold pieces
 28813 | Snake:3  | Found a transporter.
 28815 | Snake:3  | Noticed petzl's ghost (adept FoAM)
 28826 | Snake:3  | Found a frozen archway.
 28888 | Snake:3  | Noticed a nagaraja
 28909 | Snake:3  | Killed a nagaraja
 29077 | IceCv    | Entered an ice cave
 29650 | IceCv    | Reached XP level 16. HP: 75/75 MP: 25/27
 30924 | IceCv    | Found the +3 giant club "Skullcrusher" {speed, Str+7}
 31205 | Snake:3  | Noticed Bai Suzhen
 31243 | Snake:3  | Killed Bai Suzhen
 31451 | Snake:3  | Found a bloodstained altar of Trog.
 31874 | Snake:3  | Identified the ring "Kiosch" {*Slow +Blink Dex+3 SInv}
 31926 | Snake:3  | Found a transporter.
 31944 | Snake:3  | Learned a level 3 spell: Tukima's Dance
 31948 | Snake:3  | Learned a level 3 spell: Dazzling Flash
 31953 | Snake:3  | Learned a level 4 spell: Cause Fear
 31959 | Snake:3  | Learned a level 5 spell: Yara's Violent Unravelling
 32681 | Snake:3  | Found Vytwig's Antique Weapon Boutique.
 32733 | Snake:3  | Reached skill level 18 in Dodging
 33208 | Snake:4  | Entered Level 4 of the Snake Pit
 34317 | Orc:1    | Entered Level 1 of the Orcish Mines
 34436 | Orc:1    | Noticed Urug
 34446 | Orc:1    | Killed Urug
 34751 | Orc:2    | Entered Level 2 of the Orcish Mines
 34850 | Orc:2    | Reached skill level 19 in Dodging
 34975 | Orc:2    | Found Fius's Distillery.
 35051 | Orc:2    | Found Eromig's General Store.
 35068 | Orc:2    | Bought a scroll of blinking for 105 gold pieces
 35068 | Orc:2    | Bought 6 curare-tipped darts for 50 gold pieces
 35070 | Orc:2    | Bought a potion of resistance for 130 gold pieces
 35070 | Orc:2    | Bought a potion of mutation for 104 gold pieces
 35070 | Orc:2    | Bought a potion of curing for 39 gold pieces
 35202 | Orc:2    | Noticed Azrael
 35239 | Orc:2    | Killed Azrael
 35374 | Orc:2    | Found a staircase to the Elven Halls.
 35392 | Orc:2    | Noticed Nessos
 35849 | Orc:2    | Reached skill level 20 in Dodging
 36070 | Orc:2    | Found Ketuet's Jewellery Boutique.
 36070 | Orc:2    | Found Jorokez's Antique Armour Shop.
 36112 | Orc:2    | Found a one-way gate leading to the halls of Pandemonium.
 36118 | Orc:2    | Bought a ring of protection from fire for 425 gold pieces
 36118 | Orc:2    | Bought an amulet of the acrobat for 510 gold pieces
 36824 | Snake:4  | Reached XP level 17. HP: 78/78 MP: 32/32
 37060 | Snake:4  | Reached skill level 21 in Dodging
 38157 | Snake:4  | Noticed Louise
 38171 | Snake:4  | Killed Louise
 38421 | Snake:4  | Noticed Aizul
 38443 | Snake:4  | Killed Aizul
 38444 | Snake:4  | Reached skill level 22 in Dodging
 40441 | Snake:4  | Reached skill level 23 in Dodging
 41575 | Snake:4  | Got a serpentine rune of Zot
 41825 | Shoals:1 | Entered Level 1 of the Shoals
 42077 | Vaults:1 | Entered Level 1 of the Vaults
 42563 | Vaults:1 | Learned a level 5 spell: Summon Mana Viper
 43434 | Vaults:1 | Reached skill level 18 in Bows
 43843 | Vaults:1 | Reached XP level 18. HP: 82/82 MP: 33/33
 43882 | Vaults:1 | Found a runed translucent gate.
 43882 | Vaults:1 | Found a runed translucent gate.
 43882 | Vaults:1 | Found a runed translucent gate.
 43882 | Vaults:1 | Noticed dolemite99's ghost (adept MiFi)
 45510 | Vaults:2 | Found Tamurrom's Magic Scroll Emporium.
 45537 | Vaults:2 | Bought a scroll of teleportation for 42 gold pieces
 45537 | Vaults:2 | Bought a scroll of teleportation for 42 gold pieces
 45537 | Vaults:2 | Bought a scroll of teleportation for 42 gold pieces
 45537 | Vaults:2 | Bought a scroll of brand weapon for 280 gold pieces
 45598 | Vaults:2 | Found Onkivel's Antique Weapon Shoppe.
 45667 | Vaults:2 | Found Itomam Qyfa's Antique Armour Emporium.
 46064 | Vaults:2 | Identified the +3 trident of the Coward {pain, Str+2
                  | Stlth+}
 46955 | Vaults:2 | Found Uduhawett's General Store.
 46963 | Vaults:2 | Bought the +0 mask of the Dragon {Will+ Slay+3 SInv} for
                  | 601 gold pieces
 46963 | Vaults:2 | Found the +0 mask of the Dragon {Will+ Slay+3 SInv}
 46978 | Vaults:2 | Bought a scroll of enchant weapon for 135 gold pieces
 47128 | Vaults:3 | Found a staircase to the Crypt.
 47499 | Vaults:3 | Noticed Mara
 48341 | Vaults:3 | Noticed Boris
 48403 | D:14     | frustraionsimulator: hep is an interesting choice
 48577 | Shoals:1 | buhh: eh, yeah
 48577 | Shoals:1 | buhh: kinda regretting it
 48583 | Shoals:1 | buhh: I tried FoHu^Hep and won twice so I figured I'd give
                  | spriggan a shot
 48583 | Shoals:1 | Bediveer: The hep choice overall or picking knight
 48583 | Shoals:1 | buhh: both, really
 48583 | Shoals:1 | buhh: lol
 48583 | Shoals:1 | frustraionsimulator: i've been exploring bow spriggan
                  | lately too
 48583 | Shoals:1 | buhh: I can't wait until they merged all range skills
 48583 | Shoals:1 | buhh: merge*
 48587 | Shoals:1 | frustraionsimulator: i like hep because you get to name
                  | your ancestor
 48587 | Shoals:1 | frustraionsimulator: style points
 48587 | Shoals:1 | buhh: yeah lol
 48587 | Shoals:1 | buhh: Kaladin Stormblessed :D
 48589 | Shoals:1 | frustraionsimulator: i usually call it something dumb like
 48590 | Shoals:1 | frustraionsimulator: Chillbro Swaggins
 48590 | Shoals:1 | buhh: lol
 48594 | Shoals:1 | Bediveer: ya the whole picking gender, name, and background
                  | makes hep one of my favs
 48604 | Shoals:1 | frustraionsimulator: flavor
 48649 | Shoals:1 | frustraionsimulator: firing through ancestor is strong
 48649 | Shoals:1 | buhh: yeah
 48720 | Shoals:1 | frustraionsimulator: nice
 48720 | Shoals:1 | buhh: pro
 48720 | Shoals:1 | buhh: lol
 48720 | Shoals:1 | frustraionsimulator: one shot
 48759 | Shoals:1 | Identified Roxanne's Collected Works on Earth
 48759 | Shoals:1 | Noticed Roxanne
 48773 | Shoals:1 | frustraionsimulator: i am sad theres only two bows in the
                  | whole game
 48774 | Shoals:1 | frustraionsimulator: and spriggan can only use one of them
 48774 | Shoals:1 | buhh: right :|
 48783 | Shoals:1 | Noticed Nikola
 48784 | Shoals:1 | buhh: ugh
 48784 | Shoals:1 | buhh: instakill
 48787 | Shoals:1 | frustraionsimulator: do it again
 48792 | Shoals:1 | frustraionsimulator: send the ancestor
 48792 | Shoals:1 | buhh: lol i'm good
 48792 | Shoals:1 | frustraionsimulator: read immo
 48792 | Shoals:1 | buhh: he'll nuke me
 49153 | Shoals:1 | frustraionsimulator: inner flame or immo ancestor kamikaze
 49982 | Shoals:2 | buhh: lol.
 50016 | Shoals:2 | buhh: hmm thought not
 51598 | Shoals:2 | Reached XP level 19. HP: 86/86 MP: 34/34
 51789 | Shoals:3 | Noticed Ilsuiw
 52799 | Elf:1    | Entered Level 1 of the Elven Halls
 52906 | Elf:1    | Found Ydastuoq's Self-Improvement Boutique.
 52918 | Elf:1    | buhh: what
 52918 | Elf:1    | buhh: lol
 53385 | Elf:1    | Got the Almanac of the Penguin
 53911 | Elf:1    | Paralysed by an air elemental for 1 turns
 54400 | Elf:2    | Noticed Agnes
 54404 | Elf:2    | Killed Agnes
 54561 | Elf:2    | Found a runed translucent gate.
 54561 | Elf:2    | Found a runed translucent gate.
 54561 | Elf:2    | Found a runed translucent gate.
 54774 | Elf:2    | Reached skill level 11 in Evocations
 55206 | Elf:3    | Entered Level 3 of the Elven Halls
 56475 | Elf:3    | Identified the +3 rapier "Xyvusen" {elec, rElec rPois rF++}
 57686 | Vaults:3 | Noticed Mennas
 58588 | D:15     | Found a staircase to the Depths.
 58928 | Depths:1 | Entered Level 1 of the Depths
 59199 | Depths:1 | Found a gateway to Hell.
 59226 | Depths:1 | You fall into a shaft and drop 1 floor!
 59299 | Depths:2 | frustraionsimulator: depths!
 59308 | Depths:1 | frustraionsimulator: hows knight rider doing
 59308 | Depths:1 | buhh: so so
 59308 | Depths:1 | buhh: struggling
 59338 | Depths:1 | Found a one-way gateway to a ziggurat.
 59566 | D:15     | frustraionsimulator: using idealize at all?
 59567 | D:15     | buhh: yeah, probably a bit much
 59567 | D:15     | frustraionsimulator: is it like oka heroism but for
                  | ancestor
 59568 | D:15     | buhh: ah
 59568 | D:15     | buhh: plus a nice heal
 59568 | D:15     | buhh: rip
 60217 | Shoals:3 | Killed Ilsuiw
 60921 | Shoals:3 | Reached XP level 20. HP: 91/91 MP: 35/35
 60977 | Shoals:3 | Noticed Polyphemus
 61041 | Shoals:3 | Killed Polyphemus
 61172 | Shoals:3 | Learned a level 5 spell: Borgnjor's Vile Clutch
 61173 | Shoals:4 | Entered Level 4 of the Shoals
 61679 | Shoals:4 | Got a barnacled rune of Zot
 61968 | Shoals:4 | Identified a scroll of acquirement
 61977 | Shoals:4 | Acquired 1084 gold pieces
 64969 | Elf:3    | Identified the +4 glaive of Bloodstone {spect, Will++
                  | Int+6}
 65736 | Elf:3    | Reached skill level 11 in Spellcasting
 66148 | Elf:3    | Identified the +2 leather armour of Prudence {rC++ rN+}
 66184 | Elf:3    | Identified the +1 robe of Peek-a-Boo {rC- rCorr Str+3}
 66198 | Elf:3    | Identified the +6 glaive of Broken Luck {flame, Fly Will+
                  | Int+6 Dex-5}
 66198 | Elf:3    | Identified the ring of Jeraolo {Wiz rF++ rCorr}
 66914 | Elf:3    | Identified the +3 great mace of Fosoolei {pain, rElec
                  | Int+10}
 66914 | Elf:3    | Identified the amulet of Bodily Harmony {Acrobat rN++
                  | Will+}
 67656 | Elf:3    | Identified the +11 hand crossbow of the Original Sin {elec,
                  | +Blink}
 67662 | Elf:3    | Identified the +9 hunting sling of the Radish {flame, rN+++
                  | rCorr Int-4 Dex-3 Stlth+}
 67729 | Elf:3    | Reached XP level 21. HP: 96/96 MP: 39/39
 68385 | Vaults:3 | Killed Mennas
 68611 | Vaults:3 | Noticed Xtahua
 68629 | Vaults:3 | Killed Xtahua
 68638 | Vaults:3 | Noticed Margery
 68711 | Vaults:3 | Blown up by Boris

Illustrated notes

Levels and vault maps discovered:
D:1:      tarquinn_simple_flora_water_a, layout_basic, minmay_octomino_j4
D:2:      layout_basic, uniq_sigmund
D:3:      layout_loops_corners, minitemple
D:4:      layout_loops_cross, nicolae_overflow_crystal_walls,
          nicolae_overflow_squiral, minmay_temple_entry_wispy
D:5:      layout_gridville, nicolae_qazlal_scattered_showers,
          nicolae_overflow_hidden_temple
D:6:      layout_cave_pools
D:7:      layout_rooms, minmay_misc_feat_hallway
D:8:      layout_cave_pools, elyvilon_altar_4, vehumet_crystals,
          grunt_ministairs_7, minivault_10
D:9:      layout_loops_cross, mainiacjoe_overflow_chevrons, uniq_psyche
D:10:     layout_basic, minmay_lair_entry_grove
D:11:     layout_rooms, nicolae_ru_awakened_eye, uniq_snorg
D:12:     layout_cave_pools, hiddenorc2_lemuel, st_stairs_6
D:13:     cheibrodos_wizards_tower, layout_irregular_city
D:14:     layout_roguey, ximxim_vaults_locker_room,
          nicolae_trove_entry_crossroad
D:15:     gammafunk_depths_entry_grave, layout_loops_ring, minivault_27
Lair:1:   layout_loops_ring, lemuel_fruit_fields, infiniplex_staircase_pool_2,
          grunt_megastairs_2
Lair:2:   layout_chaotic_city, guppyfry_snake_entry_garden, roderic_batcave,
          nicolae_lair_run_with_the_wolves, serial_bayou_shore_b, uniq_sonja,
          uniq_nergalle
Lair:3:   layout_regular_city, serial_bayou_lake_a
Lair:4:   layout_cave_pods, minmay_shoals_entry_hut, minmay_shattered_shrine
Lair:5:   layout_layer_cave, dpeg_slime_entry_enclosed
Lair:6:   grunt_lair_end_beastmaster, layout_regular_city, serial_bayou_lagoon_b
Shoals:1: layout_shoals, uniq_roxanne, uniq_nikola
Shoals:2: layout_shoals, nicolae_shoals_water_shrine
Shoals:3: layout_shoals, uniq_ilsuiw, uniq_polyphemus
Shoals:4: shoals_end_grunt_ice, layout_shoals
Snake:1:  layout_onion_interference
Snake:2:  layout_rooms, ebering_ghost_inner_flame, basic_altar, minmay_shop_star
Snake:3:  layout_basic, portal_ice_cave_entry_pillars_1,
          gammafunk_ghost_wrathful_warriors, serial_shops, shop_statue,
          hangedman_snake_wide_pillar_pass, uniq_bai_suzhen
Snake:4:  grunt_snake_rune_spirals, layout_concentric_octagons, uniq_louise,
          uniq_aizul
Orc:1:    layout_caves, uniq_urug
Orc:2:    pf_orc_diabolical, layout_caves, uniq_azrael, uniq_nessos
Elf:1:    elf_arrival_001, layout_loops_ring, minmay_elf_necromancy,
          palyth_stone_intersect, hangedman_elf_power_crystal,
          solitary_fountain, minivault_24, minmay_misc_feat_ornament,
          st_stairs_4, nicolae_shop_self_help
Elf:2:    nicolae_elf_blades_splatter_lattice [nicolae_blade_lattice],
          layout_loops_ring, drop_trap, uniq_agnes
Elf:3:    elf_hall, layout_loops_cross
Vaults:1: gammafunk_ghost_split, grunt_vaults_funnel, nicolae_vaults_rhombus_6,
          ontoclasm_vaults_bender, nicolae_vaults_ring_of_whatevers, v_misc_15,
          nicolae_vaults_specimen_jars, dpeg_vaults_monster_box,
          vaults_room_corners, layout_vaults_omnigrid
Vaults:2: grunt_vaults_focal, grunt_vaults_diagonal, vaults_mumra_bighexcomb,
          v_misc_14, hangedman_vaults_locks, ontoclasm_vaults_ring_small,
          ontoclasm_vaults_idyll, vaults_room_pools, layout_vaults_omnicross,
          serial_shops, nicolae_shop_waterfront, nicolae_shop_trees, shop, shop
Vaults:3: minmay_crypt_entry_simple_round, ontoclasm_vaults_ring_small,
          nicolae_vaults_branching_niches, v_alt_pattern_4,
          layout_vaults_chaotic_city, uniq_mennas, uniq_mara, uniq_xtahua,
          uniq_boris, uniq_margery
Depths:1: layout_cave_pools, enter_ziggurat_a, okawaru_ov_weapons_minmay,
          pan_entry, pf_vacation_house_of_asmodeus, grunt_decor_mini_mirrors,
          chequers_serial_rivers_small_b, kennysheep_potato
Depths:2: dreamdust_tengu_aerie, layout_gridville, hell_entry, pan_entry,
          nicolae_abyss_entry_one_way_or_another

Skill      XL: |  1  2  3  4  5  6  7  8  9 10 11 12 13 14 15 16 17 18 19 20 |
---------------+-------------------------------------------------------------+-----
Stealth        | 2 4 6 8 10 | 10.0
Bows           | 5 6 7 9 11 12 14 15 16 18 20 | 20.4
Dodging        | 3 4 5 6 9 12 13 14 15 17 20 23 | 23.0
Fighting       | 2 3 4 5 7 9 10 | 10.0
Hexes          | 2 8 13 17 20 | 20.0
Fire Magic     | 1 5 6 |  6.0
Spellcasting   | 6 10 13 | 13.0
Invocations    | 5 7 8 |  8.0
Necromancy     | 2 4 8 |  8.8
Earth Magic    | 2 4 8 |  8.9
Evocations     | 9 13 | 13.0
Armour         | 4 |  4.0

Action                   |  1- 3 |  4- 6 |  7- 9 | 10-12 | 13-15 | 16-18 | 19-21 || total
-------------------------+-------+-------+-------+-------+-------+-------+-------++-------
 Fire: Shortbow          |    97 |   109 |   318 |   776 |  1840 |  2025 |  1260 ||  6425
 Cast: Inner Flame       |       |       |       |    12 |    11 |       |       ||    23
       Ensorcelled Hiber |       |       |       |       |     2 |       |       ||     2
       Cause Fear        |       |       |       |       |       |    34 |       ||    34
       Tukima's Dance    |       |       |       |       |       |     7 |       ||     7
       Summon Mana Viper |       |       |       |       |       |    12 |       ||    12
       Borgnjor's Vile C |       |       |       |       |       |       |    62 ||    62
Invok: Recall Ancestor   |       |     1 |    12 |    26 |    13 |    31 |    35 ||   118
       Ancestor Life: Kn |       |       |     1 |       |       |       |       ||     1
       Transference      |       |       |       |     6 |     6 |     3 |       ||    15
       Ancestor Identity |       |       |       |     1 |       |       |       ||     1
       Idealise          |       |       |       |       |     2 |    20 |    11 ||    33
Evoke: Wand              |       |       |       |     1 |     1 |     7 |     1 ||    10
       Phial of floods   |       |       |       |       |       |     3 |       ||     3
       Phantom mirror    |       |       |       |       |       |     2 |       ||     2
  Use: Scroll            |       |       |       |    15 |    22 |    19 |    13 ||    69
       Potion            |       |       |       |     1 |    11 |     9 |     7 ||    28
Armor: Robe              |     6 |     3 |     2 |     4 |    17 |     9 |     3 ||    44
       Storm dragon scal |       |       |       |       |       |       |    15 ||    15
Dodge: Dodged            |    29 |    28 |    88 |   177 |   446 |   432 |   284 ||  1484

Table legend: (Time is in decaauts)
 A = Elapsed time spent in this place.
 B = Non-inter-level travel time spent in this place.
 C = Inter-level travel time spent in this place.
 D = Time resting spent in this place.
 E = Time spent auto-exploring this place.
 F = Levels seen in this place.
 G = Mean time per level.
                   A        B        C        D        E       F      G
               +--------+--------+--------+--------+--------+-----+--------+
         Total |  60988 |  54608 |   6380 |  15979 |  25753 |  40 | 1524.7 |
       Dungeon |  14519 |  12771 |   1748 |   1276 |   9177 |  15 |  967.9 |
          Lair |  10435 |   8955 |   1480 |   2006 |   5428 |   6 | 1739.2 |
        Shoals |   5940 |   5590 |    350 |   2147 |   1271 |   4 | 1485.0 |
     Snake Pit |  10790 |   9971 |    819 |   3859 |   4093 |   4 | 2697.5 |
  Orcish Mines |   2560 |   1931 |    629 |    343 |   1146 |   2 | 1280.0 |
   Elven Halls |   8178 |   7195 |    983 |   3388 |   1716 |   3 | 2726.0 |
        Vaults |   6379 |   6014 |    365 |   2079 |   2555 |   3 | 2126.3 |
        Depths |    439 |    436 |      3 |    206 |      0 |   2 |  219.5 |
      Ice Cave |   1744 |   1744 |      0 |    671 |    363 |   1 | 1744.0 |
               +--------+--------+--------+--------+--------+-----+--------+

Top non-repeatable levels by time:
 Snake:4: 4713 daAuts
   Elf:3: 3522 daAuts
   Elf:2: 3250 daAuts
 Snake:3: 3038 daAuts
Vaults:2: 2673 daAuts
Vaults:1: 2641 daAuts
Shoals:2: 2387 daAuts
  Lair:4: 2277 daAuts
  Lair:2: 2269 daAuts
   Orc:2: 1884 daAuts
  Lair:1: 1880 daAuts
    D:14: 1791 daAuts
   IceCv: 1744 daAuts
  Lair:6: 1730 daAuts
 Snake:1: 1698 daAuts
